 Dungeon Crawl Stone Soup version 0.28.0-53-g5a82cb258f (webtiles) character file.

Game seed: 17900154265181898725

17227 issech the Protected (level 12, -1/97 HPs)
             Began as a Minotaur Monk on June 3, 2022.
             Was an Elder of Hepliaklqana.
             Slain by a skeletal warrior
             ... wielding a +0 dire flail
             ... led by a skeletal warrior
              (12 damage)
             ... on level 11 of the Dungeon on June 4, 2022.
             The game lasted 00:55:36 (13846 turns).

issech the Protected (Minotaur Monk)               Turns: 13846, Time: 00:55:36

Health: -1/97      AC: 22    Str: 17    XL:     12   Next: 17%
Magic:  0/20       EV:  9    Int:  9    God:    Hepliaklqana [****..]
Gold:   681        SH:  9    Dex: 22    Spells: 11/11 levels left

rFire   . . .      SeeInvis .   O - +11 war axe of Soijiow {flame, Fly rC- Int+2 Dex+5}
rCold   x . .      Faith    .   T - +0 kite shield
rNeg    . . .      Spirit   +   U - +4 chain mail {Will+}
rPois   +          Reflect  .   (helmet restricted)
rElec   .          Harm     .   I - +1 cloak {rPois}
rCorr   .          Rampage  .   q - +0 pair of gloves
Will    +....                   G - +0 pair of boots
Stlth   ..........              h - amulet of guardian spirit
HPRegen 0.26/turn               x - ring of magical power
MPRegen 0.17/turn               (no ring)

@: flying
A: reduced essence, horns 2, retaliatory headbutt
a: Renounce Religion, Recall Ancestor, Ancestor Identity, Transference, Idealise


You were on level 11 of the Dungeon.
You worshipped Hepliaklqana.
Hepliaklqana was greatly pleased with you.
You visited 2 branches of the dungeon, and saw 12 of its levels.
You also visited: Sewer.

You collected 681 gold pieces.

Inventory:

Hand Weapons
 c - a +2 dagger of venom
 t - a +0 hunting sling
 y - a +0 hand crossbow
 K - the +8 dagger "Lotsar" {venom, rF+ Int+5}
   (You found it on level 5 of the Dungeon)

   It poisons the flesh of those it strikes.
   Int:       It affects your intelligence (+5).
   rF:        It protects you from fire.
 O - the +11 war axe of Soijiow (weapon) {flame, Fly rC- Int+2 Dex+5}
   (You found it on level 10 of the Dungeon)

   It burns those it strikes, dealing additional fire damage.
   Big, fiery blades are also staple armaments of hydra-hunters.
   Int:       It affects your intelligence (+2).
   Dex:       It affects your dexterity (+5).
   rC:        It makes you vulnerable to cold.
   Fly:       It grants you flight.
Missiles
 e - 181 arrows
 i - 358 stones
 k - 101 sling bullets
 v - 71 poisoned darts (quivered)
 w - 169 bolts
 F - a boomerang
 R - 5 curare-tipped darts
Armour
 q - a +0 pair of gloves (worn)
 G - a +0 pair of boots (worn)
 I - a +1 cloak of poison resistance (worn)
 P - +0 steam dragon scales
 S - the +3 leather armour of Wariness {+Inv}
   (You found it on level 8 of the Dungeon)

   +Inv:      It lets you turn invisible.
 T - a +0 kite shield (worn)
 U - a +4 chain mail of willpower (worn)
 X - a +0 troll leather armour
 Z - a +0 plate armour
Jewellery
 h - an amulet of guardian spirit (around neck)
 x - a ring of magical power (left hand)
 B - an amulet of the acrobat
Wands
 m - a wand of flame (22)
 o - a wand of iceblast (10)
 u - a wand of mindburst (13)
 V - a wand of charming (5)
 W - a wand of polymorph (5)
Scrolls
 d - a scroll of vulnerability {unknown}
 f - 4 scrolls of fog
 l - 11 scrolls of teleportation
 p - a scroll of magic mapping
 H - 2 scrolls of brand weapon
 N - a scroll of amnesia
Potions
 a - 3 potions of brilliance {unknown}
 b - 2 potions of might
 g - 2 potions of magic
 j - 2 potions of mutation
 n - 2 potions of resistance
 r - 2 potions of ambrosia
 s - 3 potions of lignification {unknown}
 z - 3 potions of attraction {unknown}
 A - 2 potions of degeneration {unknown}
 C - 2 potions of haste {unknown}
 D - 3 potions of heal wounds
 L - 3 potions of curing {unknown}
 M - 2 potions of cancellation {unknown}


   Skills:
 + Level 10.6 Fighting
 + Level 9.5 Short Blades
 + Level 9.1(10.4) Axes
 + Level 8.1(9.9) Polearms
 + Level 1.2 Throwing
 + Level 13.1 Armour
 + Level 6.6 Dodging
 + Level 3.5 Stealth
 + Level 1.7 Shields


You had 11 spell levels left.
You didn't know any spells.
Your spell library contained the following spells:

 Spells                   Type           Power      Damage    Failure   Level
 Shock                    Conj/Air       0%         1d3       100%        1
 Blink                    Tloc           0%         N/A       100%        2
 Ensorcelled Hibernation  Hex/Ice        0%         N/A       100%        2
 Passwall                 Tmut/Erth      0%         N/A       100%        2
 Lesser Beckoning         Tloc           0%         N/A       100%        3
 Stone Arrow              Conj/Erth      0%         3d7       100%        3
 Swiftness                Air            0%         N/A       100%        3
 Airstrike                Air            0%         N/A       100%        4
 Animate Armour           Summ/Erth      0%         N/A       100%        4
 Manifold Assault         Tloc           0%         N/A       100%        5
 Lehudib's Crystal Spear  Conj/Erth      0%         10d2      100%        8


Dungeon Overview and Level Annotations

Branches:
Dungeon (11/15)            Temple (1/1) D:6             Orc (0/2) D:10
  Sewer (visited)
   Lair: D:8-11

Altars:
Ashenzari
Cheibriados
Dithmenos
Elyvilon
Fedhas
Gozag
Hepliaklqana
Kikubaaqudgha
Makhleb
Nemelex Xobeh
Okawaru
Qazlal
Ru
Sif Muna
Trog
Uskayaw
Vehumet
Wu Jian
Xom
Yredelemnul
Zin
The Shining One


Innate Abilities, Weirdness & Mutations

Your life essence is reduced to manifest your ancestor. (-10% HP)
You have a pair of horns on your head.
You reflexively headbutt those who attack you in melee.


Message History

You block the boulder beetle's attack.
You barely miss the skeletal warrior.
You headbutt the skeletal warrior, but do no damage.
The skeletal warrior is severely damaged.
You hit the skeletal warrior. You burn the skeletal warrior.
You hit the boulder beetle but do no damage.
The skeletal warrior hits you with a +0 dire flail!
Ealamassi hits the boulder beetle with a +0 quarterstaff.
You block the skeletal warrior's attack.
The boulder beetle barely misses you.
The skeletal warrior hits you with a +0 dire flail!!
You barely miss the skeletal warrior.
The skeletal warrior is severely damaged.
You closely miss the skeletal warrior.
You hit the boulder beetle but do no damage.
Ealamassi hits the boulder beetle with a +0 quarterstaff!
A skeletal warrior comes into view. It is wielding a +0 short sword.
You block the skeletal warrior's attack.
The boulder beetle leaps!
You block the skeletal warrior's attack.
You hit the skeletal warrior but do no damage.
The skeletal warrior is severely damaged.
You hit the skeletal warrior. You burn the skeletal warrior.
You block the skeletal warrior's attack.
The skeletal warrior hits Ealamassi with a +0 war axe!
The skeletal warrior hits you with a +0 dire flail!!
Ealamassi hits the skeletal warrior but does no damage.
You slash the skeletal warrior! You burn the skeletal warrior.
The skeletal warrior is almost destroyed.
You hit the skeletal warrior but do no damage.
The skeletal warrior hits Ealamassi with a +0 short sword!!
The skeletal warrior hits you with a +0 war axe!
* * * LOW HITPOINT WARNING * * *
The skeletal warrior hits Ealamassi with a +0 war axe!
Ealamassi is destroyed!
You block the skeletal warrior's attack.
The skeletal warrior hits you with a +0 short sword!
* * * LOW HITPOINT WARNING * * *
The skeletal warrior hits you with a +0 dire flail!
You die...

.. .'. ...# #.....#..#
# .. #.##..# # ..
#.....# .. ####.....#
.. .....##..### ..
.....##.z#.## #... .>
..#.....z#..#### #...
##
.........z.....####...
#
.....##...@...........
# ####. #####........
.. # ##.####.... .####
##.##...#### #...##
#.#R.# ### ###R.# .
#.#R#####.. #.R#### #
..##.##...##...##...##
#
...#.##.#...##.##...#.#
# #..
#..#..#.#.###.#.#..#


You could see 3 skeletal warriors.

Vanquished Creatures
  4 two-headed ogres
  Pikel (D:5)
  A cyclops (D:11)
  A komodo dragon (D:11)
  A kobold demonologist (D:8)
  A tengu conjurer (D:11)
  A yaktaur (D:11)
  2 trolls
  A hornet (D:9)
  Eustachio (D:6)
  8 yaks
  3 wyverns
  2 vampire mosquitoes (D:11)
  5 orc warriors
  2 water moccasins
  A black bear (D:6)
  2 ice beasts
  3 ogres
  3 necrophages
  A sky beast (D:6)
  4 lemures (D:5)
  A phantom (D:6)
  11 kobold brigands
  2 bullfrogs
  2 gnoll sergeants (D:10)
  A scorpion (D:5)
  A water moccasin zombie (D:5)
  A water moccasin skeleton (D:5)
  4 howler monkeys
  A bullfrog zombie (D:5)
  3 centaur zombies
  An iron imp (D:4)
  3 hounds
  A jelly (D:6)
  A gnoll shaman (D:4)
  A bullfrog skeleton (D:6)
  Crazy Yiuf (D:3)
  3 orc priests
  Jessica (D:3)
  A centaur skeleton (D:6)
  5 iguanas
  7 orc wizards
  A killer bee zombie (D:8)
  A hound skeleton (D:4)
  Robin (D:3)
  7 gnolls
  A howler monkey skeleton (D:5)
  11 adders
  2 shadow imps (D:8)
  An ufetubus (D:5)
  An adder skeleton (D:5)
  4 worms
  A dart slug (D:3)
  18 orcs
  3 bats (D:1)
  5 endoplasms
  7 giant cockroaches
  10 goblins
  9 hobgoblins
  5 jackals
  6 quokkas
  8 ball pythons
  3 frilled lizards
  39 kobolds
  5 kobold skeletons (D:8)
  2 kobold zombies (D:8)
  3 rats
254 creatures vanquished.

Vanquished Creatures (collateral kills)
  2 two-headed ogres
  The ghost of Camoybot the Carver, a novice MiFi of Okawaru (D:8)
  An ugly thing (D:8)
  4 trolls
  A shadow (D:11)
  8 yaks
  2 wraiths (D:11)
  2 steam dragons
  An ice beast (D:7)
  2 centaurs
  4 kobold brigands
  3 gnoll sergeants (D:10)
  A bullfrog (D:7)
  A howler monkey (D:8)
  A centaur zombie (D:9)
  3 orc wizards
  3 gnolls (D:7)
  3 orcs
  7 kobolds
  6 kobold skeletons (D:8)
  5 kobold zombies (D:8)
61 creatures vanquished.

Vanquished Creatures (others)
  4 battlemagi
  An orc wizard (D:5)
  An orc (D:8)
  A quokka (D:5)
  3 fungi (D:3)
  39 plants (D:4)
49 creatures vanquished.

Grand Total: 364 creatures vanquished

Notes
Turn   | Place    | Note
-------+----------+-------------------------------------------
     0 | D:1      | issech the Minotaur Monk began the quest for the Orb.
     0 | D:1      | Reached XP level 1. HP: 19/19 MP: 0/0
   269 | D:1      | Reached XP level 2. HP: 26/27 MP: 1/1
  1234 | D:2      | Reached XP level 3. HP: 33/33 MP: 2/2
  1763 | D:2      | Found a faded altar of an unknown god.
  1920 | D:3      | Found a sparkling altar of Nemelex Xobeh.
  2077 | D:3      | Reached skill level 1 in Polearms
  2108 | D:3      | Noticed Robin
  2127 | D:3      | Killed Robin
  2128 | D:3      | Reached skill level 1 in Armour
  2128 | D:3      | Reached XP level 4. HP: 26/40 MP: 3/3
  2548 | D:3      | Reached skill level 2 in Armour
  2573 | D:3      | Noticed Jessica
  2581 | D:3      | Killed Jessica
  2668 | D:3      | Found a glowing silver altar of Zin.
  2668 | D:3      | Found an iron altar of Okawaru.
  2939 | D:3      | Found a runed translucent door.
  2940 | D:3      | Noticed Crazy Yiuf
  3209 | D:3      | Killed Crazy Yiuf
  3210 | D:3      | Reached XP level 5. HP: 47/47 MP: 4/4
  3253 | D:4      | Reached skill level 3 in Armour
  3294 | D:4      | Found a glowing drain.
  3334 | Sewer    | Entered a sewer
  3396 | Sewer    | Noticed a water moccasin
  3413 | Sewer    | Killed a water moccasin
  3414 | Sewer    | Reached XP level 6. HP: 40/53 MP: 5/5
  3690 | D:4      | Reached skill level 4 in Armour
  3916 | D:4      | Reached XP level 7. HP: 56/60 MP: 6/6
  4081 | D:4      | Found a snail-covered altar of Cheibriados.
  4324 | D:4      | Reached skill level 5 in Fighting
  4324 | D:4      | Reached skill level 5 in Polearms
  4340 | D:4      | Found an ornate altar of the Wu Jian Council.
  4449 | D:5      | Entered Level 5 of the Dungeon
  4795 | D:5      | Found a bloodstained altar of Trog.
  4808 | D:5      | Reached skill level 5 in Armour
  4821 | D:5      | Noticed Pikel
  4893 | D:5      | Found a white marble altar of Elyvilon.
  5305 | D:5      | Killed Pikel
  5306 | D:5      | Reached skill level 6 in Armour
  5306 | D:5      | Reached XP level 8. HP: 21/70 MP: 6/7
  5618 | D:5      | Identified the +8 dagger "Lotsar" {venom, rF+ Int+5}
  5629 | D:5      | Reached skill level 7 in Armour
  6010 | D:5      | Found a glowing silver altar of Zin.
  6036 | D:5      | Reached skill level 1 in Short Blades
  6291 | D:5      | Noticed a two-headed ogre
  6315 | D:5      | Killed a two-headed ogre
  6316 | D:5      | Reached skill level 8 in Armour
  6316 | D:5      | Reached XP level 9. HP: 50/79 MP: 8/8
  7024 | D:6      | Reached skill level 5 in Short Blades
  7219 | D:6      | Found a glowing golden altar of the Shining One.
  7280 | D:6      | Noticed Eustachio
  7295 | D:6      | Killed Eustachio
  7469 | D:6      | Found a staircase to the Ecumenical Temple.
  7489 | Temple   | Entered the Ecumenical Temple
  7554 | Temple   | Became a worshipper of Hepliaklqana the Forgotten
  7554 | Temple   | Reached * piety under Hepliaklqana
  7554 | Temple   | Reached ** piety under Hepliaklqana
  7555 | Temple   | Remembered your ancestor Ealamassi as a battlemage
  7682 | D:7      | Reached skill level 9 in Armour
  7682 | D:7      | Reached skill level 5 in Dodging
  7713 | D:7      | Found a shimmering blue altar of Sif Muna.
  7897 | D:7      | Found an ancient bone altar of Kikubaaqudgha.
  8658 | D:8      | Reached XP level 10. HP: 79/79 MP: 9/9
  8794 | D:8      | Reached skill level 10 in Armour
  8982 | D:8      | Found an ancient bone altar of Kikubaaqudgha.
  9153 | D:8      | Found a runed translucent door.
  9153 | D:8      | Noticed Camoybot's ghost (novice MiFi)
  9285 | D:8      | Noticed a two-headed ogre
  9291 | D:8      | Killed a two-headed ogre
  9463 | D:8      | Identified the +3 leather armour of Wariness {+Inv}
  9706 | D:8      | Reached *** piety under Hepliaklqana
  9706 | D:8      | Noticed a two-headed ogre
  9712 | D:8      | Killed a two-headed ogre
  9868 | D:8      | Found a shadowy altar of Dithmenos.
 10212 | D:8      | Noticed a red ugly thing
 10229 | D:8      | Killed Camoybot's ghost
 10230 | D:8      | Reached skill level 11 in Armour
 10235 | D:8      | Killed a red ugly thing
 10559 | D:8      | Reached XP level 11. HP: 79/87 MP: 10/10
 10839 | D:9      | Reached skill level 12 in Armour
 10861 | D:9      | Noticed a two-headed ogre
 10873 | D:9      | Killed a two-headed ogre
 11344 | D:10     | Entered Level 10 of the Dungeon
 11398 | D:10     | Found a radiant altar of Vehumet.
 11528 | D:10     | Found a stormy altar of Qazlal.
 11648 | D:10     | Identified the +11 war axe of Soijiow {flame, Fly rC- Int+2
                  | Dex+5}
 11745 | D:10     | Noticed a two-headed ogre
 11752 | D:10     | Killed a two-headed ogre
 11753 | D:10     | Reached skill level 1 in Throwing
 11884 | D:10     | Reached skill level 10 in Fighting
 12039 | D:10     | Reached **** piety under Hepliaklqana
 12101 | D:10     | Found a staircase to the Orcish Mines.
 12110 | D:10     | Reached skill level 5 in Axes
 12653 | D:11     | Reached skill level 13 in Armour
 12958 | D:11     | Noticed a two-headed ogre
 13404 | D:10     | Killed a two-headed ogre
 13405 | D:10     | Reached XP level 12. HP: 66/97 MP: 11/11
 13638 | D:11     | Reached skill level 1 in Shields
 13828 | D:11     | Noticed a boulder beetle
 13846 | D:11     | Slain by a skeletal warrior

Illustrated notes

Levels and vault maps discovered:
D:1:      psy_arrival_whirlpool, layout_loops_ring
D:2:      layout_rooms, shapermc_ecumenical_altar_petra
D:3:      layout_basic, chequers_temple_overflow_statue_of_worship,
          mainiacjoe_overflow_cross_hatched, uniq_robin, uniq_jessica,
          uniq_crazy_yiuf_cottage
D:4:      layout_rooms, nicolae_wu_jian_immortal_techniques, chei_slow_surprise,
          gup_sewer_entry_pipe, minivault_24, serial_bayou_lagoon_a
D:5:      layout_rooms, lightli_temple_of_fire, elyvilon_altar_4,
          minmay_splitting_lines, kennysheep_diamond, kennysheep_crisscross,
          grunt_ministairs_14, uniq_pikel
D:6:      layout_basic, tso_metal_star, minmay_temple_entry_nine_rooms,
          glass_columns_c, minmay_misc_feat_hallway, minivault_23,
          uniq_eustachio
D:7:      layout_cave_pods, nicolae_kikubaaqudgha_miasma_corner,
          mainiacjoe_overflow_alcove_4, chequers_decorated_corner
D:8:      wander_kiku_kobolds, layout_gridville, lemuel_tele_altar,
          ebering_ghost_inner_flame
D:9:      layout_cave_pools, evilmike_butchery
D:10:     layout_long_grid, overflow_temple_1_default,
          nicolae_qazlal_style_of_elements,
          kennysheep_orc_monster_closet_entryway
D:11:     minmay_ornate_pinched, layout_stronghold
Temple:   dpeg_three_leaves_temple

Skill      XL: |  1  2  3  4  5  6  7  8  9 10 11 12 |
---------------+-------------------------------------+-----
Axes           | 4 8 9 |  9.1
Fighting       | 4 6 7 8 9 10 | 10.6
Polearms       | 1 3 4 7 8 |  8.1
Armour         | 1 2 3 4 6 8 9 11 13 | 13.1
Dodging        | 4 5 6 |  6.6
Stealth        | 2 3 |  3.5
Short Blades   | 3 6 8 9 |  9.5
Throwing       | 1 |  1.2
Shields        | 1 |  1.7

Action                   |  1- 3 |  4- 6 |  7- 9 | 10-12 || total
-------------------------+-------+-------+-------+-------++-------
Melee: Hand axe          |    11 |       |       |       ||    11
       Spear             |    82 |    99 |   143 |       ||   324
       Headbutt          |    12 |    17 |    82 |    82 ||   193
       Punch             |     2 |     3 |     3 |     4 ||    12
       Dagger            |       |       |   156 |   241 ||   397
       War axe           |       |       |       |   113 ||   113
Throw: Stone             |     1 |       |     3 |     8 ||    12
       Dart              |       |       |       |     3 ||     3
Invok: Ancestor Life: Ba |       |       |     1 |       ||     1
       Recall Ancestor   |       |       |       |     1 ||     1
  Use: Scroll            |       |       |     4 |     7 ||    11
 Stab: Sleeping          |     1 |       |       |       ||     1
       Distracted        |       |       |       |     3 ||     3
Armor: Robe              |     6 |       |       |       ||     6
       Leather armour    |     3 |       |       |       ||     3
       Scale mail        |    17 |    19 |       |       ||    36
       Chain mail        |       |    15 |   145 |   212 ||   372
Dodge: Dodged            |    51 |    41 |    80 |   167 ||   339
Block: Kite shield       |       |       |       |    41 ||    41
